 Dungeon Crawl Stone Soup version 0.31-b1-20-g67cafac56d (webtiles) character file.

Game seed: 9564701880027394610

16 Esekla the Sneak (level 2, 0/21 HPs)
             Began as an Octopode Delver on Jan 17, 2024.
             Slain by a gnoll
             ... wielding a +0 halberd
             ... led by a gnoll bouda
              (13 damage)
             ... on level 5 of the Dungeon.
             The game lasted 00:02:16 (207 turns).

Esekla the Sneak (Octopode Delver)                   Turns: 207, Time: 00:02:17

Health: 0/21       AC:  1    Str: 11    XL:     2   Next: 54%
Magic:  2/2        EV: 13    Int: 12    God:
Gold:   20         SH:  0    Dex: 13    Spells: 1/1 levels left

rFire   . . .        a - +0 falchion
rCold   . . .        (no shield)
rNeg    . . .        (helmet restricted)
rPois   .            (no amulet)
rElec   .            (no ring)
rCorr   .            (no ring)
SInv    .            (no ring)
Will    .....        (no ring)
Stlth   ++++         (no ring)
HPRegen 0.23/turn    (no ring)
MPRegen 0.08/turn    (no ring)
                     (no ring)

%: no passive effects
@: lethally poisoned (0 -> -1)
A: almost no armour, amphibious, 8 rings, camouflage 1, gelatinous body 1,
(nimble swimmer 1), tentacles
a: no special abilities


You were on level 5 of the Dungeon.
You visited 1 branch of the dungeon, and saw 1 of its levels.

You collected 20 gold pieces.

Inventory:

Hand Weapons
 a - a +0 falchion (weapon)
Missiles
 c - 3 boomerangs (quivered)
Wands
 f - a wand of digging (3)
Scrolls
 b - a scroll of fog
 d - a scroll of fear
Potions
 e - a potion of haste
 g - a potion of curing {unknown}


   Skills:
 * Level 3.2 Fighting
 * Level 2.1 Long Blades
 * Level 2.1 Dodging
 + Level 6.9 Stealth
 * Level 0.3 Spellcasting


You had one spell level left.
You didn't know any spells.
Your spell library was empty.

Dungeon Overview and Level Annotations

Branches:
Dungeon (5/15)
 Temple: D:4-7

Altars:
Hepliaklqana
Kikubaaqudgha
Qazlal
Yredelemnul
The Shining One


Innate Abilities, Weirdness & Mutations

You cannot wear most types of armour.
You are amphibious.
You can wear up to eight rings at the same time.
Your skin changes colour to match your surroundings (Stealth+).
Your rubbery body absorbs attacks. (AC +1, EV +1)
((You are camouflaged when in or above water. (Stealth+)))
You have tentacles for arms and can constrict up to eight enemies at once.


Message History

The gnoll is severely wounded.
The gnoll closely misses you.
You barely miss the gnoll. You grab the gnoll.
You squeeze the gnoll, but do no damage.
The gnoll is severely wounded.
You constrict the gnoll, but do no damage.
The gnoll misses you.
You hit the gnoll. Your squeeze misses the gnoll.
The gnoll is almost dead.
You constrict the gnoll.
You kill the gnoll!
You have reached level 2!
Things that are here:
a +0 whip; a gnoll corpse An adder, a jackal and a gnoll come into view.
Found a glowing golden altar of the Shining One.
A jackal and a gnoll come into view.
Found three altars.
Found an ancient bone altar of Kikubaaqudgha.
The gnoll shouts!
The jackal barks!
The gnoll shouts!
The jackal barks!
The gnoll bouda shouts!
The jackal barks! x2
The gnoll shouts!
The adder barely misses you.
The gnoll bouda barks out a call to the hunt!
The gnolls pick up the pace!
The adder attacks as it pursues you! The adder misses you.
The adder attacks as it pursues you! The adder bites you. x2
The gnoll attacks as it pursues you! The gnoll closely misses you.
The adder attacks as it pursues you! The adder bites you.
You are poisoned.
The adder poisons you! The gnoll completely misses you.
You feel sick.
You feel sick. The adder attacks as it pursues you!
The adder closely misses you.
Things that are here:
a +0 whip; a gnoll corpse You feel sick.
The gnoll attacks as it pursues you!
The gnoll hits you from afar with a +0 halberd!
Ouch! That really hurt!
You die...

*,**,,,,,** *.........*
*..._..._.* *#........,
### #._..⌠.._, ##.##
#........, ##.#.##
#.h......,
##.###.########.ghg_...,
#.## ##@Sg.hh##......#*,
##.###.#####.g..h...##*,
##.#.## #####g..## *,
##.## *#.## *, #.#
*.#****, ##.#######
*..,,,,, #...##...#
**+##**** #.#......#
**,,,** #...##...#
**,,,,,**


You could see 2 gnolls, an adder and 2 jackals.

Vanquished Creatures
  A gnoll (D:5)
  3 orcs (D:5)
4 creatures vanquished.

Notes
Turn   | Place    | Note
-------+----------+-------------------------------------------
     0 | D:5      | Esekla the Octopode Delver began the quest for the Orb.
     0 | D:5      | Reached XP level 1. HP: 16/16 MP: 1/1
    33 | D:5      | Noticed a scorpion
    45 | D:5      | Noticed an orc wizard
    45 | D:5      | Noticed an orc priest
   181 | D:5      | Noticed a gnoll bouda
   192 | D:5      | Reached XP level 2. HP: 21/21 MP: 2/2
   197 | D:5      | Found a glowing golden altar of the Shining One.
   198 | D:5      | Found a stormy altar of Qazlal.
   198 | D:5      | Found a basalt altar of Yredelemnul.
   198 | D:5      | Found a hazy altar of Hepliaklqana.
   199 | D:5      | Found an ancient bone altar of Kikubaaqudgha.
   207 | D:5      | Slain by a gnoll

Illustrated notes

Levels and vault maps discovered:
D:5:      layout_loops_corners, grunt_temple_overflow_open,
          nicolae_houndstooth_variations, uniq_blork_the_orc

Action                     || total
---------------------------++-------
  Melee: Falchion          ||    10
         Constrict         ||     3
         Tentacles         ||     3
  Throw: Boomerang         ||     3
    Use: Scroll            ||     1
 Armour: Skin              ||     7
  Dodge: Dodged            ||    11
